 Dungeon Crawl Stone Soup version 0.27-a0-1081-ge8a0a9c698 (webtiles) character file.

Game seed: 10725671041999316926

249 wakim the Poker (level 6, -1/70 HPs)
             Began as a Merfolk Gladiator on Apr 25, 2021.
             Was a Follower of Trog.
             Slain by Pikel
             ... wielding a +1 whip of electrocution
              (20 damage)
             ... on level 3 of the Dungeon.
             The game lasted 00:11:03 (4247 turns).

wakim the Poker (Merfolk Gladiator)                 Turns: 4247, Time: 00:11:04

Health: -1/70      AC:  6    Str: 16    XL:     6   Next: 12%
Magic:  6/6        EV: 12    Int: 13    God:    Trog [*.....]
Gold:   154        SH:  0    Dex: 16    Spells: 5/5 levels left

rFire    . . .     SeeInvis .   a - +0 trident
rCold    . . .     Faith    .   (no shield)
rNeg     . . .     Spirit   .   i - +0 ring mail
rPois    .         Reflect  .   c - +0 helmet
rElec    .         Harm     .   (no cloak)
rCorr    .         Rampage  .   (no gloves)
Will     .....                  (no boots)
Stlth    ..........             (no amulet)
HPRegen  0.21/turn              b - +6 ring of intelligence
MPRegen  0.10/turn              (no ring)

@: berserking, very quick
A: (nimble swimmer 2), mertail
a: Renounce Religion, Berserk


You were on level 3 of the Dungeon.
You worshipped Trog.
Trog was aware of your devotion.
You visited 1 branch of the dungeon, and saw 4 of its levels.

You collected 154 gold pieces.

Inventory:

Hand Weapons
 a - a +0 trident (weapon)
Missiles
 d - 3 throwing nets {=f!f}
 f - 3 boomerangs
 g - 2 javelins
 j - 8 poisoned darts (quivered)
Armour
 c - a +0 helmet (worn)
 h - a +1 robe of fire resistance
 i - a +0 ring mail (worn)
Jewellery
 b - a +6 ring of intelligence (left hand)
 k - a ring of ice
Potions
 e - a potion of ambrosia {unknown}
 p - 2 potions of invisibility {unknown}
 J - 3 potions of heal wounds
 M - a potion of mutation {!q}


   Skills:
 + Level 3.6 Fighting
 * Level 7.2 Polearms
 - Level 2.0 Throwing
 - Level 4.6 Dodging
 * Level 3.3 Stealth


You had 5 spell levels left.
You didn't know any spells.
Your spell library was empty.

Dungeon Overview and Level Annotations

Branches:
Dungeon (4/15)
 Temple: D:4-7

Altars:
Trog
Uskayaw

Annotations:
D:3 dig, Pikel


Innate Abilities, Weirdness & Mutations

((You are quick and stealthy near water. (Stealth+, EV+, Speed+++)))
Your lower body shifts to a powerful aquatic tail in water.


Message History

Unknown command.
You climb upwards.
Level annotation: dig
There is a stone staircase leading down, spattered with blood here.
Things that are here:
a +0 robe; a +0 dagger; a +0 dagger
There is a stone staircase leading down here.
You climb downwards.
Level annotation: Pikel
There is a stone staircase leading up here.
Pikel shouts!
Pikel says, "You'll make a fine lemure."
Pikel says, "You'll make a fine lemure."
An endoplasm comes into view.
There is a stone staircase leading up here.
Pikel hits you with a +1 whip of electrocution.
You are electrocuted!
You climb upwards.
Level annotation: dig
There is a stone staircase leading down here.
A red film seems to cover your vision as you go berserk!
You feel yourself moving faster!
You feel mighty! Pikel hits you but does no damage.
You hit Pikel.
Pikel is lightly wounded.
Pikel hits you with a +1 whip of electrocution!
You are electrocuted!
* * * LOW HITPOINT WARNING * * *
You hit Pikel.
Pikel is lightly wounded.
Pikel hits you with a +1 whip of electrocution.
* * * LOW HITPOINT WARNING * * *
You closely miss Pikel.
Pikel is lightly wounded.
You hit Pikel.
Pikel is lightly wounded.
Pikel hits you with a +1 whip of electrocution.
* * * LOW HITPOINT WARNING * * *
You are electrocuted!!
You die...

#.#
##....#.....#
#)#####
#.###.######
#.....# #.#
#.# # #####.#
#.# #.# # #<#
#.#
#.############
# #.# #.#
#....)........
# #.# #.#
#############.
# #.# #.# #. #
#.# #@# #. #
#.# #K# #. ##
#.# #.# #.
.########.#
#.##### #.
..[.))....#
#...>.# #.
.########.#
#####.# #.
.......##.#
#.# #.
....#...#.#
#.# #.
..........#
#.# #.


You could see Pikel.

Vanquished Creatures
  An ogre (D:3)
  2 lemures (D:3)
  3 orc wizards
  4 adders
  2 worms (D:3)
  8 orcs (D:3)
  5 ball pythons (D:2)
  4 bats
  An endoplasm (D:2)
  5 giant cockroaches
  4 hobgoblins
  3 jackals (D:1)
  2 quokkas
  A frilled lizard (D:2)
  4 goblins
  8 kobolds
  6 rats
63 creatures vanquished.

Notes
Turn   | Place    | Note
-------+----------+-------------------------------------------
     0 | D:1      | wakim the Merfolk Gladiator began the quest for the Orb.
     0 | D:1      | Reached XP level 1. HP: 16/16 MP: 1/1
   201 | D:1      | Reached XP level 2. HP: 23/23 MP: 2/2
   420 | D:1      | Reached skill level 5 in Polearms
  1115 | D:2      | Reached XP level 3. HP: 28/28 MP: 3/3
  1292 | D:2      | Found a faded altar of an unknown god.
  1586 | D:2      | Became a worshipper of Trog the Wrathful
  1586 | D:2      | Reached * piety under Trog
  1957 | D:2      | Reached XP level 4. HP: 34/34 MP: 4/4
  2195 | D:3      | Reached skill level 6 in Polearms
  2325 | D:3      | Noticed a +0 short sword
  2325 | D:3      | Noticed a +0 falchion
  2330 | D:3      | Noticed a +0 spear
  2364 | D:3      | Noticed a +0 dagger
  2364 | D:3      | Noticed a +0 spear
  2365 | D:3      | Noticed a +0 dagger
  2366 | D:3      | Noticed a +0 short sword
  2415 | D:3      | Noticed a +0 falchion
  2419 | D:3      | Found a hide-covered altar of Uskayaw.
  2441 | D:3      | Reached skill level 1 in Stealth
  2829 | D:3      | Reached XP level 5. HP: 36/41 MP: 5/5
  2953 | D:3      | Noticed an ogre
  2986 | D:3      | Killed an ogre
  3465 | D:3      | Reached skill level 7 in Polearms
  3530 | D:3      | Noticed a water moccasin
  3573 | D:4      | Noticed Pikel
  3573 | D:4      | Noticed a lemure
  3573 | D:4      | Noticed a lemure
  3574 | D:4      | Noticed a lemure
  3616 | D:3      | Killed a lemure
  3753 | D:4      | Noticed a lemure
  3790 | D:3      | Reached XP level 6. HP: 31/47 MP: 6/6
  4247 | D:3      | Slain by Pikel

Illustrated notes

Levels and vault maps discovered:
D:1:      psy_arrival_radial02, layout_basic
D:2:      layout_basic, hellmonk_ecumenical_altar_leap_of_faith,
          minmay_tetromino_o2
D:3:      layout_loops_ring, nicolae_uskayaw_en_pointe, lightli_corner_chamber
D:4:      layout_loops_cross, minmay_temple_entry_mini_moons, uniq_pikel,
          uniq_blork_the_orc

Skill      XL: |  1  2  3  4  5 |
---------------+----------------+-----
Polearms       | 5 6 7 |  7.2
Fighting       | 3 |  3.6
Stealth        | 1 3 |  3.3
Throwing       | |  2.0
Dodging        | |  4.6

Action                   |  1- 3 |  4- 6 || total
-------------------------+-------+-------++-------
Melee: Trident           |   101 |   101 ||   202
Throw: Dart              |    34 |    32 ||    66
Invok: Berserk           |       |     3 ||     3
  Use: Scroll            |       |    10 ||    10
       Potion            |       |     1 ||     1
 Stab: Sleeping          |     1 |     2 ||     3
Armor: Leather armour    |    15 |       ||    15
       Skin              |       |     8 ||     8
       Ring mail         |       |    18 ||    18
Dodge: Dodged            |    59 |    30 ||    89

Table legend: (Time is in decaauts)
 A = Elapsed time spent in this place.
 B = Non-inter-level travel time spent in this place.
 C = Inter-level travel time spent in this place.
 D = Time resting spent in this place.
 E = Time spent auto-exploring this place.
 F = Levels seen in this place.
 G = Mean time per level.
                   A        B        C        D        E       F      G
               +--------+--------+--------+--------+--------+-----+--------+
         Total |   4247 |   4079 |    168 |    499 |   2803 |   4 | 1061.8 |
       Dungeon |   4247 |   4079 |    168 |    499 |   2803 |   4 | 1061.8 |
               +--------+--------+--------+--------+--------+-----+--------+

Top non-repeatable levels by time:
     D:3: 1988 daAuts
     D:2: 1259 daAuts
     D:1: 930 daAuts
     D:4: 69 daAuts
